 Dungeon Crawl Stone Soup version 0.29.1-15-g9cfb28693d (webtiles) character file.

Game seed: 3281088480170861501

58 Coron the Chopper (level 4, -1/60 HPs)
             Began as a Meteoran Berserker on Mar 24, 2023.
             Was a Believer of Trog.
             Slain by an orc wizard
             ... wielding a +0 dagger
              (4 damage)
             ... on level 3 of the Dungeon.
             The game lasted 00:02:46 (525 turns).

Coron the Chopper (Meteoran Berserker)               Turns: 525, Time: 00:02:47

Health: -1/60      AC:  6    Str: 21    XL:     4   Next: 43%
Magic:  5/5        EV: 13    Int:  8    God:    Trog [**....]
Gold:   86         SH:  0    Dex: 13    Spells: 3/3 levels left

rFire   . . .      SeeInvis .   a - +0 hand axe
rCold   . . .      Faith    .   (no shield)
rNeg    . . .      Spirit   .   b - +1 animal skin
rPois   .          Reflect  .   (no helmet)
rElec   .          Harm     .   (no cloak)
rCorr   .          Rampage  .   c - +2 pair of gloves
Will    .....                   (no boots)
Stlth   ..........              (no amulet)
HPRegen 0.20/turn               (no ring)
MPRegen 0.09/turn               (no ring)

@: berserking, glowing, very quick
A: sense surroundings 1, otherworldly, glowing, explore regen
a: Renounce Religion, Berserk, Trog's Hand


You were on level 3 of the Dungeon.
You worshipped Trog.
Trog was pleased with you.
You visited 1 branch of the dungeon, and saw 3 of its levels.

You collected 86 gold pieces.

Inventory:

Hand Weapons
 a - a +0 hand axe (weapon)
Missiles
 e - 2 poisoned darts (quivered)
Armour
 b - a +1 animal skin (worn)
 c - a +2 pair of gloves (worn)
Scrolls
 f - a scroll of fear
 g - a scroll of enchant armour
 h - a scroll of teleportation {unknown}
 j - a scroll of identify {unknown}
Potions
 d - 2 potions of brilliance {unknown}
 i - a potion of magic {unknown}


   Skills:
 + Level 3.9 Fighting
 + Level 4.2 Axes
 + Level 3.2 Armour
 + Level 3.2 Dodging


You had 3 spell levels left.
You didn't know any spells.
Your spell library was empty.

Dungeon Overview and Level Annotations

Branches:
Dungeon (3/15) Zot: 1254

Altars:


Innate Abilities, Weirdness & Mutations

You passively map a small area around you.
You are easily found by Zot.
You glow in the dark.
You regain HP and MP as you explore.


Message History

The orc barely misses you. The orc hits you with a +0 dagger.
The orc wizard hits you with a +0 dagger.
You barely miss the orc wizard. You hit the orc.
You kill the orc!
Trog accepts your kill.
You closely miss the orc priest. You hit the orc. The orc priest misses you.
The orc misses you.
The orc wizard hits you but does no damage.
Unknown command.
You hit the orc priest.
The orc priest is moderately wounded.
You hit the orc wizard. You barely miss the orc.
The orc priest calls upon Beogh to heal the orc wizard.
The orc wizard's wounds heal themselves!
The orc hits you but does no damage. The orc wizard barely misses you.
Unknown command.
You hit the orc priest.
The orc priest is moderately wounded.
You hit the orc wizard but do no damage.
You hit the orc but do no damage.
The orc priest invokes the aid of Beogh against you.
Beogh smites you! The orc hits you with a +0 dagger.
The orc wizard gestures at you while chanting.
The magic dart hits you.
The orc priest mumbles some strange prayers to Beogh against you.
Beogh smites you!
* * * LOW HITPOINT WARNING * * *
You hit the orc priest.
The orc priest is heavily wounded.
You hit the orc wizard but do no damage.
You hit the orc but do no damage.
The orc priest hits you but does no damage.
The orc hits you with a +0 dagger.
* * * LOW HITPOINT WARNING * * *
A red film seems to cover your vision as you go berserk!
You feel yourself moving faster!
You feel mighty!
The orc priest hits you but does no damage.
The orc completely misses you.
The orc wizard hits you with a +0 dagger.
You die...

########### *
#######o).......# *
,......o@........# *
######oo........# #,
#..........#
##.########.........#
#.).<..>............#
######..............#
#..........#####.####
#####.....## #.#
#..)..# #.#


You could see 2 orc priests, an orc wizard and an orc.

Vanquished Creatures
  An adder (D:2)
  2 dart slugs (D:2)
  An orc (D:3)
  4 ball pythons
  2 bats (D:1)
  5 endoplasms
  2 giant cockroaches
  3 goblins
  2 hobgoblins
  4 jackals (D:2)
  4 kobolds (D:1)
  2 quokkas
  3 frilled lizards
  4 rats (D:1)
39 creatures vanquished.

Notes
Turn   | Place    | Note
-------+----------+-------------------------------------------
     0 | D:1      | Coron the Meteoran Berserker began the quest for the Orb.
     0 | D:1      | Reached XP level 1. HP: 19/19 MP: 2/2
    57 | D:1      | Reached XP level 2. HP: 24/26 MP: 3/3
   161 | D:1      | Reached XP level 3. HP: 31/31 MP: 4/4
   213 | D:1      | Reached skill level 4 in Axes
   246 | D:2      | Reached ** piety under Trog
   382 | D:2      | Reached XP level 4. HP: 19/40 MP: 5/5
   433 | D:2      | Found a faded altar of an unknown god.
   524 | D:3      | HP: 2/40 [orc/+0 dagger (2)]
   525 | D:3      | Slain by an orc wizard

Illustrated notes

Levels and vault maps discovered:
D:1:      evilmike_arrival_plus, layout_rooms, minmay_tromino_i2
D:2:      layout_loops_ring, hellmonk_ecumenical_altar_slurped_away
D:3:      layout_basic, serial_shops, shop

Skill      XL: |  1  2  3 |
---------------+----------+-----
Axes           | 4 |  4.2
Armour         | 3 |  3.2
Dodging        | 3 |  3.2
Fighting       | |  3.9

Action                   |  1- 3 |  4- 6 || total
-------------------------+-------+-------++-------
Melee: Hand axe          |    87 |    24 ||   111
       Punch             |     1 |       ||     1
Invok: Berserk           |     1 |     1 ||     2
  Use: Scroll            |     1 |     1 ||     2
Armor: Animal skin       |    46 |     9 ||    55
Dodge: Dodged            |    57 |    20 ||    77
